 Dungeon Crawl Stone Soup version 0.17-a0-1951-g62301d3 (webtiles) character file.

28 Kuldar the Magician (level 3, -1/19 HPs)
             Began as a Deep Elf Wizard on Oct 3, 2015.
             Killed by nerve-wracking pain
             ... invoked by Jessica
              (2 damage)
             ... on level 2 of the Dungeon.
             The game lasted 00:02:57 (891 turns).

Kuldar the Magician (Deep Elf Wizard)                Turns: 891, Time: 00:02:57

Health: -1/19      AC:  2    Str:  4    XL:     3   Next: 0%
Magic:  0/11       EV: 12    Int: 28    God:
Gold:   32         SH:  0    Dex: 13    Spells: 3 memorised, 7 levels left

rFire  . . .     SeeInvis .     m - +3 short sword
rCold  . . .     Clarity  .     a - +0 robe
rNeg   . . .     SustAt   .     (no shield)
rPois  .         Gourm    .     b - +0 hat
rElec  .         Spirit   .     (no cloak)
rCorr  .         Warding  .     (no gloves)
rMut   .         Stasis   .     (no boots)
MR     .....                    (no amulet)
Stlth  ++........               (no ring)
                                (no ring)

@: brilliant, lethally poisoned (-1 -> -4), not resistant to hostile
enchantments, unstealthy
A: no striking features
a: no special abilities


You were on level 2 of the Dungeon.
You were not hungry.

You visited 1 branch of the dungeon, and saw 2 of its levels.

You collected 32 gold pieces.

Inventory:

Hand weapons
 m - a +3 short sword (weapon)
Armour
 a - a +0 robe (worn)
 b - a +0 hat (worn)
 f - a +0 buckler
Jewellery
 e - an uncursed amulet of stasis {unknown}
 h - an uncursed ring of flight {unknown}
Scrolls
 i - 2 scrolls of remove curse {unknown}
 j - 2 scrolls of immolation {unknown}
 k - a scroll of amnesia {unknown}
Books
 c - a book of Minor Magic

   Spells                             Type                      Level
   a - Magic Dart                     Conjuration                  1
   b - Blink                          Translocation                2
   c - Call Imp                       Summoning                    2
   d - Repel Missiles                 Charms/Air                   2
   e - Slow                           Hexes                        2
   f - Conjure Flame                  Conjuration/Fire             3
   g - Mephitic Cloud                 Conjuration/Poison/Air       3
Comestibles
 d - a bread ration


   Skills:
 - Level 2.4 Dodging
 - Level 2.4 Stealth
 * Level 5.1 Spellcasting
 * Level 2.5 Conjurations
   Level 1.1 Summonings
 - Level 1.1 Translocations


You had 7 spell levels left.
You knew the following spells:

 Your Spells              Type           Power        Failure   Level  Hunger
a - Magic Dart            Conj           ####         1%          1    None
b - Blink                 Tloc           N/A          1%          2    None
c - Repel Missiles        Chrm/Air       ###...       1%          2    None


Dungeon Overview and Level Annotations

Branches:
Dungeon (2/15)

Altars:
Ru

Annotations:
D:2 Jessica


Message History

Jessica gestures at you while chanting. You resist with some effort.
Casting: Magic Dart
Confirm with . or Enter, or press ? or * to list all spells.
Aiming: Magic Dart
Press: ? - help, Shift-Dir - straight line, f - Jessica
Aim: Jessica, wearing an embroidered robe The magic dart hits Jessica.
Jessica is heavily wounded.
* * * LOW HITPOINT WARNING * * *
You feel sick. Jessica barely misses you.
Casting: Magic Dart
Confirm with . or Enter, or press ? or * to list all spells.
You don't have enough magic to cast that spell.
Unknown command.
You barely miss Jessica.
Jessica is heavily wounded.
Jessica gestures at you while chanting. Pain shoots through your body!
You die...

# #.. # #.. # #.. #
#.# # #.# # #.# #
###.##### #######
######.......# #@†...#
@..@...#.###.###@....#
.......#.###......!..#
...w...#....# ##.....#
###########.# #.....#
# #.# ####### #
#.######## #
#......>.#
###########.<#####.


You could see Jessica.

Vanquished Creatures
  An adder (D:2)
  An ooze (D:1)
  3 hobgoblins
  A ball python (D:1)
  5 bats
  5 kobolds (D:1)
  3 rats (D:1)
19 creatures vanquished.

Notes
Turn   | Place    | Note
--------------------------------------------------------------
     0 | D:1      | Kuldar the Deep Elf Wizard began the quest for the Orb.
     0 | D:1      | Reached XP level 1. HP: 10/10 MP: 7/7
   250 | D:1      | Reached XP level 2. HP: 15/15 MP: 5/9
   758 | D:2      | Found a sacrificial altar of Ru.
   794 | D:2      | Noticed Jessica
   826 | D:1      | Learned a level 2 spell: Blink
   829 | D:1      | Learned a level 2 spell: Repel Missiles
   885 | D:2      | Reached skill level 5 in Spellcasting
   888 | D:2      | Reached XP level 3. HP: 3/19 MP: 1/11
   891 | D:2      | Killed from afar by Jessica

Vault maps used:
D:1:      wheals_arrival_linesprint, minmay_door_square
D:2:      first_bread, nicolae_ru_awakened_eye, uniq_jessica

Action                   || total
-------------------------++-------
Melee: Unarmed           ||     1
       Short sword       ||     1
 Cast: Magic Dart        ||    56
  Use: Potion            ||     1
